 Dungeon Crawl Stone Soup version 0.29.1-12-g30fa7ad0bf (webtiles) character file.

Game seed: 10723460067213742786

47 tkbsonic5 the Shooter (level 3, 0/20 HPs)
             Began as a Kobold Arcane Marksman on Jan 14, 2023.
             Slain by Terence
             ... wielding a +0 hand axe
              (4 damage)
             ... on level 2 of the Dungeon.
             The game lasted 00:06:10 (1055 turns).

tkbsonic5 the Shooter (Kobold Arcane Marksman)      Turns: 1055, Time: 00:06:11

Health: 0/20       AC:  2    Str:  7    XL:     3   Next: 97%
Magic:  5/6        EV: 15    Int: 14    God:
Gold:   112        SH:  0    Dex: 17    Spells: 2/6 levels left

rFire   . . .      SeeInvis .   a - +1 sling
rCold   . . .      Faith    .   (no shield)
rNeg    . . .      Spirit   .   c - +0 robe
rPois   .          Reflect  .   (no helmet)
rElec   .          Harm     .   (no cloak)
rCorr   .          Rampage  .   (no gloves)
Will    .....                   (no boots)
Stlth   +++.......              (no amulet)
HPRegen 0.06/turn               f - +4 ring of slaying
MPRegen 0.10/turn               (no ring)

@: weak-willed
A: small, no large weapons, nightstalker 3
a: no special abilities


You were on level 2 of the Dungeon.
You visited 1 branch of the dungeon, and saw 2 of its levels.

You collected 112 gold pieces.

Inventory:

Hand Weapons
 a - a +1 sling (weapon)
Armour
 c - a +0 robe (worn)
Jewellery
 f - a +4 ring of slaying (left hand)
Potions
 d - 2 potions of attraction
 g - a potion of lignification {unknown}
 i - a potion of magic {unknown}
 j - a potion of degeneration {unknown}


   Skills:
 + Level 1.2 Fighting
 * Level 3.6 Ranged Weapons
 + Level 2.4 Dodging
 + Level 0.4 Stealth
 + Level 2.0 Spellcasting
 + Level 3.5 Hexes
 * Level 0.0 Fire Magic


You had 2 spell levels left.
You knew the following spells:

 Your Spells              Type           Power      Damage    Failure   Level
a - Slow                  Hex            44%        N/A       5%          1
b - Inner Flame           Hex/Fire       6%         N/A       34%         3

Your spell library contained the following spells:

 Spells                   Type           Power      Damage    Failure   Level
 Portal Projectile        Hex/Tloc       12%        N/A       34%         3
 Cause Fear               Hex            5%         N/A       50%         4


Dungeon Overview and Level Annotations

Branches:
Dungeon (2/15)

Altars:

Annotations:
D:2 Terence


Innate Abilities, Weirdness & Mutations

You are small and have problems with some larger weapons.
You are completely attuned to the shadows.


Message History

The ball python bites you but does no damage.
The ball python constricts you. The ball python closely misses you.
The ball python constricts you.
As you read the scroll labelled AWUDOS AVUT, it crumbles to dust.
Magic quickly surges around you.
It was a scroll of vulnerability.
The ball python closely misses you. The ball python constricts you.
Fire: a) +1 sling
Press: ? - help, Q - select action, (/) - cycle Shift-Dir - straight line, f/p - ball python
Aim: a ball python (constricting you, weak-willed, 61% to hit)
Okay, then.
Fire: a) +1 sling
Press: ? - help, Q - select action, (/) - cycle Shift-Dir - straight line, f/p - ball python
Aim: a ball python (constricting you, weak-willed, 61% to hit)
Okay, then.
You aren't carrying any items that you can evoke.
Casting: Slow (safe; 5% risk of failure)
Confirm with . or Enter, or press ? or * to list all spells.
Okay, then.
Casting: Slow (safe; 5% risk of failure)
Confirm with . or Enter, or press ? or * to list all spells.
Aiming: Slow (safe; 5% risk of failure)
Press: ? - help, Shift-Dir - straight line, f - Terence, p - ball python
Aim: Terence, wielding a +0 hand axe and wearing a +0 scale mail (chance to affect: 58%) Terence resists with significant effort.
A hobgoblin comes into view.
The ball python bites you but does no damage.
The ball python constricts you. Terence hits you with a +0 hand axe.
Fire: a) +1 sling
Press: ? - help, Q - select action, (/) - cycle Shift-Dir - straight line, f - ball python, p - Terence
Aim: a ball python (constricting you, weak-willed, 61% to hit)
You shoot a sling bullet. The sling bullet hits the ball python!
You kill the ball python!
The quokka closely misses you. Terence hits you with a +0 hand axe!
* * * LOW HITPOINT WARNING * * *
The quokka bites you.
* * * LOW HITPOINT WARNING * * *
The hobgoblin closely misses you. The hobgoblin barely misses you.
Terence attacks as you move away! Terence hits you with a +0 hand axe.
You die...

........#
####....#
####.# ##.##
. ##...##.#
....#....#
......##.##
......@g..##
..$...r@....
..#########
..


You could see Terence, a quokka (weak-willed) and a hobgoblin.

Vanquished Creatures
  An adder (D:2)
  A worm (D:2)
  2 bats
  3 endoplasms (D:1)
  3 giant cockroaches (D:1)
  4 goblins
  2 hobgoblins (D:1)
  3 jackals (D:1)
  3 kobolds (D:1)
  2 quokkas (D:1)
  4 ball pythons
  3 rats (D:1)
31 creatures vanquished.

Notes
Turn   | Place    | Note
-------+----------+-------------------------------------------
     0 | D:1      | tkbsonic5 the Kobold Arcane Marksman began the quest for
                  | the Orb.
     0 | D:1      | Reached XP level 1. HP: 12/12 MP: 2/2
   165 | D:1      | Reached XP level 2. HP: 16/16 MP: 4/4
   518 | D:1      | Reached XP level 3. HP: 17/20 MP: 3/5
   670 | D:1      | Learned a level 3 spell: Inner Flame
  1020 | D:2      | Noticed Terence
  1055 | D:2      | Slain by Terence

Illustrated notes

Levels and vault maps discovered:
D:1:      minmay_arrival_open_corners, layout_loops_ring
D:2:      layout_loops_ring, uniq_sigmund, uniq_jessica, uniq_terence

Skill      XL: |  1  2  3 |
---------------+----------+-----
Ranged Weapons | 3 |  3.6
Spellcasting   | 2 |  2.0
Fighting       | |  1.2
Dodging        | |  2.4
Stealth        | |  0.4
Hexes          | |  3.5

Action                   || total
-------------------------++-------
 Fire: Sling             ||    68
Throw: Throwing net      ||     1
 Cast: Slow              ||    14
  Use: Scroll            ||     6
       Potion            ||     1
Armor: Robe              ||     9
Dodge: Dodged            ||    26
